 Dungeon Crawl Stone Soup version 0.31-a0-1388-g4b2ba238e7 (webtiles) character file.

Game seed: 10927394821452434984

78 pokeman the Magician (level 4, -1/25 HPs)
             Began as a Deep Elf Hedge Wizard on Dec 24, 2023.
             Slain by Crazy Yiuf
             ... wielding a +3 quarterstaff of chaos
              (15 damage)
             ... on level 2 of the Dungeon.
             The game lasted 00:03:27 (2689 turns).

pokeman the Magician (Deep Elf Hedge Wizard)        Turns: 2689, Time: 00:03:28

Health: -1/25      AC:  5    Str:  7    XL:     4   Next: 15%
Magic:  4/13       EV: 12    Int: 24    God:
Gold:   89         SH:  0    Dex: 14    Spells: 6/14 levels left

rFire   + . .        p - +2 rapier (holy)
rCold   . . .        (no shield)
rNeg    + . .        g - +1 robe {Will+}
rPois   +            s - +0 helmet
rElec   .            (no cloak)
rCorr   .            n - +0 pair of gloves
SInv    .            (no boots)
Will    +....        (no amulet)
Stlth   ++           c - ring "Kuucrad" {rPois rF+ rN+ Int+3}
HPRegen 0.24/turn    (no ring)
MPRegen 0.13/turn

%: no passive effects
@: on blink cooldown
A: no striking features
a: no special abilities


You were on level 2 of the Dungeon.
You visited 1 branch of the dungeon, and saw 2 of its levels.

You collected 89 gold pieces.

Inventory:

Hand Weapons
 p - a +2 rapier of holy wrath (weapon)
Armour
 g - a +1 robe of willpower (worn)
 n - a +0 pair of gloves (worn)
 s - a +0 helmet (worn)
Magical Staves
 o - a staff of cold
Jewellery
 c - the ring "Kuucrad" (left hand) {rPois rF+ rN+ Int+3}
   (You found it on level 2 of the Dungeon)

   [ring of poison resistance]

   Int+3:     It affects your intelligence (+3).
   rF+:       It protects you from fire.
   rPois:     It protects you from poison rN+: It protects you from negative
   energy.
Wands
 m - a wand of polymorph (8)
Scrolls
 a - a scroll of vulnerability {unknown}
 e - a scroll of fog {unknown}
 f - a scroll of immolation {unknown}
 k - a scroll of revelation {unknown}
 q - a scroll of blinking {unknown}
 r - a scroll of identify {unknown}
Potions
 b - a potion of curing {unknown}
 d - a potion of magic
 h - a potion of experience {unknown}
 i - a potion of ambrosia {unknown}
 j - a potion of brilliance {unknown}
 l - 2 potions of mutation {unknown}


   Skills:
 - Level 1.0 Fighting
 - Level 1.1 Armour
 + Level 2.4 Dodging
 + Level 2.5 Stealth
 * Level 5.5 Spellcasting
 + Level 2.2 Conjurations
 - Level 1.1 Summonings
 - Level 1.1 Translocations


You had 6 spell levels left.
You knew the following spells:

 Your Spells              Type           Power      Damage    Failure   Level
a - Magic Dart            Conj           68%        1d6       3%          1
b - Mephitic Cloud        Conj/Alch/Air  10%        N/A       19%         3
c - Call Imp              Summ           24%        N/A       8%          2
d - Blink                 Tloc           24%        N/A       8%          2

Your spell library contained the following spells:

 Spells                   Type           Power      Damage    Failure   Level
 Slow                     Hex            24%        N/A       9%          1
 Cigotuvi's Dreadful Rot  Necr/Alch/Air  12%        N/A       13%         2
 Fugue of the Fallen      Necr           6%         N/A       26%         3
 Starburst                Conj/Fire      6%         6d4       100%        6


Dungeon Overview and Level Annotations

Branches:
Dungeon (2/15)

Altars:

Annotations:
D:2 Crazy Yiuf


Message History

c - the ring "Kuucrad" (left hand) {rPois rF+ rN+ Int+3}
There is a stone staircase leading down here.
You see here a frilled lizard skeleton.
You see here a +0 dagger.
There is a stone staircase leading down here.
You open the door.
Crazy Yiuf shouts!
Casting: Magic Dart (safe; 3% risk of failure)
Confirm with . or Enter, or press ? or * to list all spells.
You can't see any susceptible monsters within range! (Use Z to cast anyway.) Crazy Yiuf is nearby!
Unknown command.
Press: ? - help, v - describe, . - travel
Here: Crazy Yiuf, wielding a +3 quarterstaff of chaos and wearing a +2 cloak of poison resistance The floor.
Unknown command.
Unknown command.
Casting: Magic Dart (safe; 3% risk of failure)
Confirm with . or Enter, or press ? or * to list all spells.
A tiny devil pulls itself out of the air.
Crazy Yiuf attacks as he pursues you!
Crazy Yiuf hits you with a +3 quarterstaff of chaos.
You feel your power leaking away.
Casting: Call Imp (safe; 8% risk of failure)
Confirm with . or Enter, or press ? or * to list all spells.
You blink.
Crazy Yiuf hits your cerulean imp with a +3 quarterstaff of chaos!
Crazy Yiuf burns your cerulean imp.
Your cerulean imp dies!
Your cerulean imp disappears in a puff of smoke!
Casting: Blink (safe; 8% risk of failure)
Confirm with . or Enter, or press ? or * to list all spells.
A tiny devil pulls itself out of the air.
Your cerulean imp hits Crazy Yiuf but does no damage.
You swap places.
Your cerulean imp completely misses Crazy Yiuf.
Crazy Yiuf hits you with a +3 quarterstaff of chaos!
You are electrocuted!
Ouch! That really hurt!
You die...

...##.# #.#
##.## ...#..#
#.# #.##
...#.## #.#
##.# ...#.#
#.# #.##
...#.# #.#
##.#
...#.#####.#
##'##
.#.#<...##.#
#...#
##.........#
#g5.#
#.#########
#.@)# #.#
##### #.# #.#
###### #.#
#.##.#
#.#######
#####.##.#
#.......#
#.....##.####
#######.#
#.######....#
##.# #.#
####.#


You could see Crazy Yiuf (ally target) and a friendly cerulean imp (summoned).

Vanquished Creatures
  Jessica (D:2)
  3 dart slugs (D:1)
  5 ball pythons
  3 endoplasms
  2 giant cockroaches (D:1)
  3 goblins
  5 hobgoblins
  4 jackals (D:1)
  2 kobolds
  A quokka (D:1)
  4 bats
  4 frilled lizards
  6 rats
43 creatures vanquished.

Notes
Turn   | Place    | Note
-------+----------+-------------------------------------------
     0 | D:1      | pokeman the Deep Elf Hedge Wizard began the quest for the
                  | Orb.
     0 | D:1      | Reached XP level 1. HP: 10/10 MP: 7/7
   327 | D:1      | Reached XP level 2. HP: 15/15 MP: 6/9
   676 | D:1      | Reached skill level 5 in Spellcasting
   817 | D:1      | Reached XP level 3. HP: 20/20 MP: 5/11
   821 | D:1      | Learned a level 3 spell: Mephitic Cloud
   824 | D:1      | Learned a level 2 spell: Call Imp
   827 | D:1      | Learned a level 2 spell: Blink
  1631 | D:2      | Noticed Jessica
  1640 | D:2      | Killed Jessica
  1641 | D:2      | Reached skill level 1 in Fighting
  1641 | D:2      | Reached skill level 1 in Armour
  1654 | D:2      | Reached XP level 4. HP: 20/25 MP: 5/13
  2152 | D:2      | Found a runed translucent door.
  2153 | D:2      | Noticed Crazy Yiuf
  2307 | D:2      | Found a faded altar of an unknown god.
  2386 | D:2      | Got the Monograph on Charred Necromancy
  2475 | D:2      | Identified the ring "Kuucrad" {rPois rF+ rN+ Int+3}
  2689 | D:2      | Slain by Crazy Yiuf

Illustrated notes

Levels and vault maps discovered:
D:1:      minmay_arrival_four_loops, layout_basic, minmay_splitting_lines
D:2:      layout_loops_ring, shapermc_ecumenical_altar_gd, uniq_jessica,
          uniq_crazy_yiuf_cottage

Skill      XL: |  1  2  3 |
---------------+----------+-----
Spellcasting   | 5 |  5.5
Fighting       | 1 |  1.0
Armour         | 1 |  1.1
Conjurations   | 2 |  2.2
Dodging        | |  2.4
Stealth        | |  2.5
Summonings     | |  1.1
Translocations | |  1.1

Action                     |  1- 3 |  4- 6 || total
---------------------------+-------+-------++-------
  Melee: Dagger            |     6 |       ||     6
         Rapier            |       |     3 ||     3
   Cast: Magic Dart        |    77 |    21 ||    98
         Mephitic Cloud    |     1 |       ||     1
         Call Imp          |       |     2 ||     2
         Blink             |       |     1 ||     1
   Stab: Sleeping          |     1 |       ||     1
         Confused          |     1 |       ||     1
 Armour: Robe              |    12 |     2 ||    14
  Dodge: Dodged            |    11 |     3 ||    14

Table legend: (Time is in decaauts)
 A = Elapsed time spent in this place.
 B = Non-inter-level travel time spent in this place.
 C = Inter-level travel time spent in this place.
 D = Time resting spent in this place.
 E = Time spent auto-exploring this place.
 F = Levels seen in this place.
 G = Mean time per level.
                   A        B        C        D        E       F      G
               +--------+--------+--------+--------+--------+-----+--------+
         Total |   2688 |   2638 |     50 |    100 |   2271 |   2 | 1344.0 |
       Dungeon |   2688 |   2638 |     50 |    100 |   2271 |   2 | 1344.0 |
               +--------+--------+--------+--------+--------+-----+--------+

Top non-repeatable levels by time:
     D:1: 1630 daAuts
     D:2: 1058 daAuts
